 Dungeon Crawl Stone Soup version 0.27-a0-1154-gfdeffcb720 (webtiles) character file.

Game seed: 15568247764217380815

854 robertstho the Magician (level 8, -6/54 HPs)
             Began as a Djinni Fire Elementalist on May 14, 2021.
             Killed from afar by a frost-covered statue (15 damage)
             ... with a puff of frost
             ... on level 5 of the Dungeon.
             The game lasted 00:07:26 (6565 turns).

robertstho the Magician (Djinni Fire Elementalist)  Turns: 6565, Time: 00:07:26

Health: -6/54      AC:  2    Str:  7    XL:     8   Next: 21%
Gold:   121        EV: 12    Int: 20    God:
                   SH:  0    Dex: 13

rFire    + + .     SeeInvis .   f - +3 short sword
rCold    x . .     Faith    .   (no shield)
rNeg     . . .     Spirit   .   a - +0 robe
rPois    ∞         Reflect  .   (no helmet)
rElec    .         Harm     .   (no cloak)
rCorr    .         Rampage  .   (no gloves)
Will     .....                  (boots unavailable)
Stlth    ++........             o - amulet of the acrobat
HPRegen  0.18/turn              (no ring)
MPRegen  0.00/turn              (no ring)

@: flying
A: sickness immunity, fire resistance 2, cold vulnerability 1, float, innate
caster, hp casting, extra vitality 1
a: no special abilities


You were on level 5 of the Dungeon.
You visited 1 branch of the dungeon, and saw 5 of its levels.

You collected 145 gold pieces.
You spent 24 gold pieces at shops.

Inventory:

Hand Weapons
 d - a +0 dagger
 f - a +3 short sword (weapon)
Missiles
 m - a throwing net
Armour
 a - a +0 robe (worn)
Jewellery
 o - an amulet of the acrobat (around neck)
Wands
 s - a wand of charming (10)
Scrolls
 c - 7 scrolls of teleportation {unknown}
 g - a scroll of enchant armour
 i - 2 scrolls of immolation {unknown}
 j - a scroll of torment
 k - a scroll of magic mapping {unknown}
Potions
 b - a potion of cancellation
 e - a potion of flight {unknown}
 h - 2 potions of curing {unknown}
 l - 3 potions of degeneration {unknown}
 n - a potion of heal wounds {unknown}
 p - a potion of magic {unknown}
 q - a potion of resistance {unknown}
 t - 2 potions of haste


   Skills:
 + Level 2.1 Fighting
 + Level 0.2 Short Blades
 + Level 3.0 Dodging
 + Level 3.1 Stealth
 + Level 6.3 Spellcasting


You couldn't memorise any spells.
You knew the following spells:

 Your Spells              Type           Power      Damage    Failure   Level
a - Foxfire               Conj/Fire      100%       2x1d9     1%          1
b - Conjure Flame         Conj/Fire      31%        6-21      2%          3
c - Inner Flame           Hex/Fire       31%        N/A       2%          3
d - Sticky Flame          Conj/Fire      31%        2d5       8%          4
e - Fireball              Conj/Fire      15%        3d8       22%         5
f - Corona                Hex            34%        N/A       1%          1
g - Passwall              Tmut/Erth      25%        N/A       1%          2
h - Swiftness             Air            31%        N/A       2%          3
Your spell library was empty.

Dungeon Overview and Level Annotations

Branches:
Dungeon (5/15)
 Temple: D:4-7

Altars:
Vehumet

Shops:
D:1 (*[(

Annotations:
D:4 3 runed translucent doors, jien's ghost, amateur GrFi
D:5 exclusion: statue


Innate Abilities, Weirdness & Mutations

You are immune to sickness and miasma.
You are immune to poison.
Your flesh is very heat resistant. (rF++)
You are vulnerable to cold. (rC-)
You float through the air rather than walking.
You learn spells naturally, not from books.
Your magical power is your life essence.
You have superior vitality. (+4 HP)


Message History

The foxfire hits the frost-covered statue but does no damage.
The frost-covered statue is almost destroyed.
Casting: Foxfire (safe; 1% risk of failure)
Press: ? - help, Q - select action, (/) - cycle Dir - look around, f - activate You conjure some foxfire!
* * * LOW HITPOINT WARNING * * *
The foxfire hits the frost-covered statue but does no damage.
The frost-covered statue is almost destroyed.
Casting: Foxfire (safe; 1% risk of failure)
Press: ? - help, Q - select action, (/) - cycle Dir - look around, f - activate You conjure some foxfire!
* * * LOW HITPOINT WARNING * * *
The foxfire hits the frost-covered statue.
The frost-covered statue resists.
The frost-covered statue is almost destroyed.
The foxfire hits the frost-covered statue but does no damage.
The frost-covered statue is almost destroyed.
The foxfire hits the frost-covered statue but does no damage.
The frost-covered statue is almost destroyed.
Casting: Foxfire (safe; 1% risk of failure)
Press: ? - help, Q - select action, (/) - cycle Dir - look around, f - activate You conjure some foxfire!
* * * LOW HITPOINT WARNING * * *
Unknown command.
The foxfire hits the frost-covered statue but does no damage.
The frost-covered statue is almost destroyed.
The foxfire hits the frost-covered statue but does no damage.
The frost-covered statue is almost destroyed.
The foxfire hits the frost-covered statue.
The frost-covered statue completely resists.
The frost-covered statue is almost destroyed.
Casting: Foxfire (safe; 1% risk of failure)
Press: ? - help, Q - select action, (/) - cycle Dir - look around, f - activate You conjure some foxfire!
* * * LOW HITPOINT WARNING * * *
The foxfire hits the frost-covered statue but does no damage.
The frost-covered statue is almost destroyed.
The frost-covered statue gestures at you.
The puff of frost hits you!
You feel a terrible chill!
You die...

....... .......
.......### ..........
...........
..........#########
..§..)...#v§§§...# ###
#.......v@§§_.8.# ..#
#.......#§......#
..####
#.......#########
.....###..............
.....+.+......########
.....#.#...§..#
.....#.#....§.###
............§.....
.....##.####.#####


You could see a frost-covered statue (ally target).

Vanquished Creatures
  A black bear (D:4)
  A necrophage (D:5)
  An ogre (D:4)
  A phantom (D:5)
  A wyvern skeleton (D:4)
  A water moccasin zombie (D:5)
  A water moccasin skeleton (D:5)
  A bullfrog zombie (D:5)
  A hound (D:4)
  A gnoll shaman (D:4)
  An orc wizard (D:5)
  10 gnolls
  5 adders
  4 worms
  3 dart slugs
  7 orcs
  7 endoplasms
  4 giant cockroaches
  7 goblins
  3 hobgoblins
  6 jackals
  7 ball pythons
  8 bats
  5 frilled lizards
  4 kobolds (D:1)
  6 rats
97 creatures vanquished.

Vanquished Creatures (collateral kills)
  A foxfire (D:2)
1 creature vanquished.

Vanquished Creatures (others)
  534 foxfires
  3 fungi (D:2)
  16 plants (D:2)
553 creatures vanquished.

Grand Total: 651 creatures vanquished

Notes
Turn   | Place    | Note
-------+----------+-------------------------------------------
     0 | D:1      | robertstho the Djinni Fire Elementalist began the quest for
                  | the Orb.
     0 | D:1      | Reached XP level 1. HP: 15/15 MP: 0/0
   350 | D:1      | Reached XP level 2. HP: 17/21 MP: 0/0
   460 | D:1      | Found Bodie's Weapon Shoppe.
   633 | D:1      | Found Karph's General Store.
   931 | D:1      | Found Kemnatz's Weapon Shoppe.
   936 | D:1      | Found Kiegu Mytao's Armour Boutique.
  1116 | D:1      | Reached skill level 3 in Spellcasting
  1138 | D:1      | Reached XP level 3. HP: 22/25 MP: 0/0
  1138 | D:1      | Learned a level 1 spell: Corona
  2030 | D:1      | Bought a scroll of identify for 24 gold pieces
  2644 | D:2      | Reached XP level 4. HP: 19/31 MP: 0/0
  3366 | D:2      | Found a faded altar of an unknown god.
  3466 | D:2      | Reached XP level 5. HP: 33/36 MP: 0/0
  3466 | D:2      | Learned a level 2 spell: Passwall
  4144 | D:3      | Reached skill level 4 in Spellcasting
  5097 | D:4      | Noticed a black bear
  5104 | D:4      | Killed a black bear
  5105 | D:4      | Reached skill level 1 in Fighting
  5105 | D:4      | Reached XP level 6. HP: 35/42 MP: 0/0
  5434 | D:4      | Reached skill level 5 in Spellcasting
  5434 | D:4      | Reached XP level 7. HP: 37/47 MP: 0/0
  5434 | D:4      | Learned a level 3 spell: Swiftness
  5554 | D:4      | Found a runed translucent gate.
  5554 | D:4      | Found a runed translucent gate.
  5558 | D:4      | Found a runed translucent gate.
  5559 | D:4      | Noticed jien's ghost (amateur GrFi)
  5970 | D:5      | Entered Level 5 of the Dungeon
  6245 | D:5      | Reached skill level 6 in Spellcasting
  6245 | D:5      | Reached XP level 8. HP: 23/54 MP: 0/0
  6565 | D:5      | Killed from afar by a frost-covered statue

Illustrated notes

Levels and vault maps discovered:
D:1:      sevenhm_arrival_forest_fort_large_2, layout_basic, serial_shops,
          nicolae_shop_waterfront, shop, shop, nicolae_shop_waterfront,
          minmay_cut_off
D:2:      layout_basic, shapermc_ecumenical_altar_mp_ritualfount
D:3:      layout_loops_ring
D:4:      layout_gridville, gammafunk_ghost_necromancy
D:5:      layout_basic, nicolae_ru_path_of_blood, vehumet_statue,
          chequers_avenue

Skill      XL: |  1  2  3  4  5  6  7  8 |
---------------+-------------------------+-----
Spellcasting   | 3 4 5 6 |  6.3
Stealth        | 2 3 |  3.1
Fighting       | 1 2 |  2.1
Dodging        | 3 |  3.0
Short Blades   | |  0.2

Action                   |  1- 3 |  4- 6 |  7- 9 || total
-------------------------+-------+-------+-------++-------
Melee: Dagger            |     2 |       |       ||     2
       Short sword       |    17 |     2 |       ||    19
 Cast: Foxfire           |    85 |   154 |   102 ||   341
  Use: Scroll            |     2 |     1 |     2 ||     5
Armor: Robe              |     3 |     6 |     2 ||    11
Dodge: Dodged            |    26 |    16 |    14 ||    56

Table legend: (Time is in decaauts)
 A = Elapsed time spent in this place.
 B = Non-inter-level travel time spent in this place.
 C = Inter-level travel time spent in this place.
 D = Time resting spent in this place.
 E = Time spent auto-exploring this place.
 F = Levels seen in this place.
 G = Mean time per level.
                   A        B        C        D        E       F      G
               +--------+--------+--------+--------+--------+-----+--------+
         Total |   6565 |   6434 |    131 |    220 |   5537 |   5 | 1313.0 |
       Dungeon |   6565 |   6434 |    131 |    220 |   5537 |   5 | 1313.0 |
               +--------+--------+--------+--------+--------+-----+--------+

Top non-repeatable levels by time:
     D:1: 2077 daAuts
     D:2: 1848 daAuts
     D:3: 1172 daAuts
     D:4: 872 daAuts
     D:5: 594 daAuts
